 Dungeon Crawl Stone Soup version 0.28.0-43-g3370ac3207 (webtiles) character file.

Game seed: 6311174940922525530

3388 Faeu the Fighter (level 9, -8/83 HPs)
             Began as a Minotaur Fighter on Mar 22, 2022.
             Was an Initiate of Trog.
             Mangled by a nine-headed hydra (12 damage)
             ... on level 8 of the Dungeon.
             The game lasted 00:30:17 (7317 turns).

Faeu the Fighter (Minotaur Fighter)                 Turns: 7317, Time: 00:30:17

Health: -8/83      AC: 11    Str: 24    XL:     9   Next: 74%
Magic:  8/8        EV:  9    Int:  5    God:    Trog [......]
Gold:   437        SH:  6    Dex: 11    Spells: 8/8 levels left

rFire   . . .      SeeInvis .   t - +4 falchion (freeze) {long}
rCold   . . .      Faith    .   c - +0 buckler
rNeg    . . .      Spirit   .   b - +0 scale mail
rPois   .          Reflect  .   (helmet restricted)
rElec   .          Harm     .   (no cloak)
rCorr   .          Rampage  .   e - +0 pair of gloves
Will    .....                   p - +0 pair of boots
Stlth   ..........              (no amulet)
HPRegen 0.23/turn               (no ring)
MPRegen 0.11/turn               (no ring)

@: no status effects
A: horns 2, retaliatory headbutt
a: Renounce Religion


You were on level 8 of the Dungeon.
You worshipped Trog.
Trog was noncommittal.
You visited 2 branches of the dungeon, and saw 9 of its levels.

You collected 437 gold pieces.


Innate Abilities, Weirdness & Mutations

You have a pair of horns on your head.
You reflexively headbutt those who attack you in melee.


   Skills:
 + Level 9.1 Fighting
 + Level 8.6 Long Blades
 + Level 9.1 Armour
 + Level 9.1 Shields


You had 8 spell levels left.
You didn't know any spells.
Your spell library contained the following spells:

 Spells                   Type           Power      Damage    Failure   Level
 Animate Skeleton         Necr           0%         N/A       80%         1
 Apportation              Tloc           0%         N/A       80%         1
 Freeze                   Ice            0%         1d3       80%         1
 Pain                     Necr           0%         1d4       80%         1
 Summon Small Mammal      Summ           0%         N/A       80%         1
 Confusing Touch          Hex            0%         N/A       99%         3
 Frozen Ramparts          Ice            0%         1d2       99%         3
 Vampiric Draining        Necr           0%         2d6       99%         3
 Hailstorm                Conj/Ice       0%         3d3       100%        4
 Ice Form                 Ice/Tmut       0%         N/A       100%        4
 Summon Ice Beast         Ice/Summ       0%         N/A       100%        4
 Yara's Violent Unravell  Hex/Tmut       0%         3d3       100%        5
 Enfeeble                 Hex            0%         N/A       100%        7

Inventory:

Hand Weapons
 f - a +2 dagger of protection {short}
   (You took it off a kobold on level 1 of the Dungeon)
 t - a +4 falchion of freezing (weapon) {long}
   (You took it off a wight on level 5 of the Dungeon)
Missiles
 o - 5 boomerangs (quivered) {throwing}
Armour
 b - a +0 scale mail (worn)
 c - a +0 buckler (worn)
 e - a +0 pair of gloves (worn)
   (You found it on level 1 of the Dungeon)
 p - a +0 pair of boots (worn)
   (You found it on level 4 of the Dungeon)
Wands
 m - a wand of paralysis (3)
   (You found it on level 4 of the Dungeon)
 w - a wand of mindburst (12)
   (You found it on level 5 of the Dungeon)
 y - a wand of iceblast (19)
   (You found it on level 6 of the Dungeon)
Scrolls
 a - 2 scrolls of teleportation {unknown}
 g - a scroll of summoning {unknown}
 h - 4 scrolls of enchant weapon {unknown}
 j - 3 scrolls of noise {unknown}
 k - 2 scrolls of identify {unknown}
 l - a scroll of fear {unknown}
 s - 2 scrolls of immolation {unknown}
 u - 5 scrolls of vulnerability {unknown}
 x - a scroll of brand weapon {unknown}
Potions
 d - 2 potions of might
 i - 2 potions of heal wounds {unknown}
 n - a potion of brilliance {unknown}
 q - 2 potions of mutation {unknown}
 r - 2 potions of flight {unknown}
 v - a potion of ambrosia {unknown}
 z - a potion of degeneration {unknown}

Dungeon Overview and Level Annotations

Branches:
Dungeon (8/15)             Temple (1/1) D:7
   Lair: D:8-11

Altars:
Cheibriados
Dithmenos
Fedhas
Hepliaklqana
Makhleb
Nemelex Xobeh
Okawaru
Qazlal
Ru
Trog
Vehumet
Wu Jian
Xom
Zin

Shops:
D:1 *   D:5 = D:6

[ #### #
###############...
####.#...............##
#....D@.......<######..
#.##..)........'.......
##..........##......
##+##########....#+
#.)..#. #..#.#. #......
##..... ###...


You could see a nine-headed hydra (slow).


Message History

The orc shouts!
You hear a shout!
An orc priest comes into view. It is wielding a +0 dagger.
You hear a shout!
An orc comes into view. It is wielding a +0 falchion.
The orc shouts!
An orc wizard comes into view. It is wielding a +2 dagger of venom.
The orc priest invokes the aid of Beogh against you.
Beogh smites you!
You hear a roar! 😕 HP[-9]
You take 9 damage, and now have 74/83 hp.
You slash the orc! You freeze the orc.
You kill the orc!
Trog accepts your kill.
The orc priest calls down the wrath of Beogh upon you.
Beogh smites you!
You hear a roar!
Items here: ! $ ) †. 😮 HP[-17]
You take 17 damage, and now have 57/83 hp.
MASSIVE DAMAGE!! (PAUSE)
You hit the orc. You freeze the orc. The orc hits you with a +0 falchion.
A five-headed hydra comes into view. 😮 HP[-3]
You take 3 damage, and now have 54/83 hp.
You slash the orc wizard! You freeze the orc wizard.
You kill the orc wizard!
Trog accepts your kill.
Trog appreciates your killing of a magic user.
The orc closely misses you.
You slash the orc priest! You freeze the orc priest.
You kill the orc priest!
Trog accepts your kill. You block the orc's attack.
You closely miss the orc. The orc closely misses you.
You closely miss the orc.
The orc hits you with a +0 falchion. 😮 HP[-2]
You take 2 damage, and now have 52/83 hp.
You slash the orc! You freeze the orc.
You kill the orc!
Trog accepts your kill. 😮 HP[+1]
You chop one of the five-headed hydra's heads off!
The four-headed hydra grows two more!
You slash the six-headed hydra!
The six-headed hydra seems to slow down.
You freeze the six-headed hydra. The six-headed hydra bites you.
The six-headed hydra bites you but does no damage.
The six-headed hydra bites you. The six-headed hydra barely misses you.
The six-headed hydra bites you but does no damage.
The six-headed hydra closely misses you. 😮 HP[-5]
You take 5 damage, and now have 48/83 hp.
You slice one of the six-headed hydra's heads off!
The five-headed hydra grows two more!
You slash the seven-headed hydra! You freeze the seven-headed hydra.
The seven-headed hydra closely misses you.
You furiously retaliate!
You headbutt the seven-headed hydra, but do no damage.
The seven-headed hydra barely misses you.
The seven-headed hydra bites you but does no damage. x2
You block the seven-headed hydra's attack.
The seven-headed hydra bites you. The seven-headed hydra bites you!
* * * LOW HITPOINT WARNING * * *
😨 HP[-13]
You take 13 damage, and now have 35/83 hp.
You lop one of the seven-headed hydra's heads off!
The six-headed hydra grows two more!
You hit the eight-headed hydra. You freeze the eight-headed hydra.
You hit the eight-headed hydra.
The eight-headed hydra seems to slow down.
You freeze the eight-headed hydra. You headbutt the eight-headed hydra.
The eight-headed hydra bites you but does no damage.
The eight-headed hydra barely misses you.
The eight-headed hydra bites you but does no damage.
The eight-headed hydra closely misses you.
The eight-headed hydra bites you!
* * * LOW HITPOINT WARNING * * *
The eight-headed hydra bites you but does no damage.
You block the eight-headed hydra's attack.
The eight-headed hydra bites you!
* * * LOW HITPOINT WARNING * * *
😱 HP[-18]
You take 18 damage, and now have 17/83 hp.
MASSIVE DAMAGE!! (PAUSE)
You chop one of the eight-headed hydra's heads off!
The seven-headed hydra grows two more!
You slash the nine-headed hydra!
The nine-headed hydra seems to slow down.
You freeze the nine-headed hydra.
Your headbutt misses the nine-headed hydra.
The nine-headed hydra bites you.
* * * LOW HITPOINT WARNING * * *
The nine-headed hydra bites you!
* * * LOW HITPOINT WARNING * * *
The nine-headed hydra closely misses you.
The nine-headed hydra bites you but does no damage.
The nine-headed hydra closely misses you.
You block the nine-headed hydra's attack.
The nine-headed hydra barely misses you.
The nine-headed hydra bites you!
You die...

Skill      XL: |  1  2  3  4  5  6  7  8  9 |
---------------+----------------------------+-----
Fighting       | 4 5 6 8 9 |  9.1
Armour         | 4 5 6 8 9 |  9.1
Shields        | 4 5 6 7 9 |  9.1
Long Blades    | 3 4 5 6 7 8 |  8.6

Action                   |  1- 3 |  4- 6 |  7- 9 || total
-------------------------+-------+-------+-------++-------
Melee: Long sword        |    49 |       |       ||    49
       Headbutt          |    13 |    37 |    64 ||   114
       Dagger            |    60 |   219 |   124 ||   403
       Falchion          |       |       |   213 ||   213
Throw: Boomerang         |       |     6 |     2 ||     8
Evoke: Wand              |       |       |     1 ||     1
Armor: Scale mail        |    57 |   134 |   163 ||   354
Dodge: Dodged            |    44 |   112 |   107 ||   263
Block: Buckler           |    34 |    58 |    77 ||   169

Levels and vault maps discovered:
D:1:      dpeg_arrival_water_temple_mockup, layout_rooms, serial_shops,
          nicolae_shop_hallway_plus
D:2:      minmay_skewed_foursquare, layout_loops_corners,
          hellmonk_ecumenical_altar_leap_of_faith
D:3:      layout_loops_corners
D:4:      layout_cave_pools, serial_undead, serial_undead_c, serial_undead_c,
          serial_undead_e, serial_undead_f, serial_undead_e, serial_undead_e,
          serial_undead_f, serial_undead_f, serial_undead_a, serial_undead_f,
          uniq_eustachio, uniq_robin
D:5:      layout_rooms, serial_shops, nicolae_diamond_shop
D:6:      layout_cave_pools, serial_shops, nicolae_shop_statue_plus
D:7:      layout_loops_ring, minmay_temple_entry_slanted, uniq_menkaure,
          uniq_prince_ribbit1
D:8:      layout_basic, enter_bailey_4, hangedman_minor_gate_pass
Temple:   mainiacjoe_temple_circle_huts

Notes
Turn   | Place    | Note
-------+----------+-------------------------------------------
     0 | D:1      | Faeu the Minotaur Fighter began the quest for the Orb.
     0 | D:1      | Reached XP level 1. HP: 19/19 MP: 0/0
     0 | D:1      | magus.rc [v1.9.6]
   126 | D:1      | Reached XP level 2. HP: 24/27 MP: 1/1
   183 | D:1      | Found Arunij's General Store.
   302 | D:1      | Reached skill level 4 in Fighting
   302 | D:1      | Reached skill level 4 in Armour
   317 | D:1      | magus.rc [v1.9.6]
   372 | D:1      | Reached skill level 4 in Shields
   610 | D:2      | Reached XP level 3. HP: 28/33 MP: 2/2
   681 | D:2      | Reached skill level 3 in Long Blades
  1052 | D:2      | Found a faded altar of an unknown god.
  1420 | D:2      | Reached XP level 4. HP: 40/40 MP: 3/3
  1689 | D:3      | You pick up a book of Misfortune and begin reading...
  1689 | D:3      | You add the spells Confusing Touch, Yara's Violent
                  | Unravelling and Enfeeble to your library.
  1727 | D:3      | You pick up a book of Cantrips and begin reading...
  1727 | D:3      | You add the spells Animate Skeleton, Summon Small Mammal
                  | and Apportation to your library.
  1844 | D:3      | You pick up a book of Frost and begin reading...
  1844 | D:3      | You add the spells Freeze, Frozen Ramparts and Hailstorm to
                  | your library.
  2483 | D:4      | Reached XP level 5. HP: 41/47 MP: 4/4
  2538 | D:4      | Reached skill level 5 in Armour
  2562 | D:4      | Noticed a necrophage
  2575 | D:4      | Killed a necrophage
  2576 | D:4      | Reached skill level 5 in Fighting
  2576 | D:4      | Reached skill level 4 in Long Blades
  2576 | D:4      | Reached skill level 5 in Shields
  2576 | D:4      | Reached XP level 6. HP: 56/56 MP: 5/5
  2609 | D:4      | You pick up a book of Rime and begin reading...
  2609 | D:4      | You add the spells Ice Form and Summon Ice Beast to your
                  | library.
  2629 | D:4      | Noticed Robin
  2670 | D:4      | Killed Robin
  2910 | D:4      | Noticed Eustachio
  2977 | D:4      | Killed Eustachio
  2978 | D:4      | Reached skill level 5 in Long Blades
  2978 | D:4      | Reached XP level 7. HP: 27/62 MP: 6/6
  3227 | D:4      | Reached skill level 6 in Armour
  3337 | D:4      | Reached skill level 6 in Fighting
  3337 | D:4      | Reached skill level 6 in Shields
  3657 | D:5      | Entered Level 5 of the Dungeon
  3984 | D:5      | Reached skill level 6 in Long Blades
  3984 | D:5      | Reached XP level 8. HP: 56/71 MP: 7/7
  4120 | D:5      | Reached skill level 7 in Fighting
  4120 | D:5      | Reached skill level 7 in Armour
  4120 | D:5      | Reached skill level 7 in Shields
  4278 | D:5      | Reached skill level 7 in Long Blades
  4390 | D:5      | Found Lycemoja's Jewellery Shoppe.
  4841 | D:6      | Found Risy Unt's Antique Armour Shop.
  4852 | D:6      | Reached skill level 8 in Fighting
  4852 | D:6      | Reached skill level 8 in Armour
  4852 | D:6      | Reached XP level 9. HP: 49/81 MP: 8/8
  4996 | D:6      | Reached skill level 8 in Shields
  5543 | D:7      | You pick up a book of Necromancy and begin reading...
  5543 | D:7      | You add the spells Pain and Vampiric Draining to your
                  | library.
  5644 | D:7      | Found a staircase to the Ecumenical Temple.
  5665 | Temple   | Entered the Ecumenical Temple
  5782 | Temple   | Became a worshipper of Trog the Wrathful
  5812 | D:7      | Reached skill level 8 in Long Blades
  6286 | D:7      | Noticed Prince Ribbit
  6295 | D:7      | Killed Prince Ribbit
  6322 | D:7      | Noticed Menkaure
  6334 | D:7      | HP: 19/82 [Menkaure (11)]
  6336 | D:7      | Killed Menkaure
  6337 | D:7      | Reached skill level 9 in Fighting
  6337 | D:7      | Reached skill level 9 in Armour
  6339 | D:7      | HP: 7/83 [killer bee zombie (4)]
  6738 | D:7      | Reached skill level 9 in Shields
  7307 | D:8      | Noticed a five-headed hydra
  7316 | D:8      | HP: 17/83 [eight-headed hydra (9)]
  7317 | D:8      | HP: 4/83 [nine-headed hydra (13)]
  7317 | D:8      | Mangled by a nine-headed hydra

Vanquished Creatures
  Prince Ribbit (D:7)
  Eustachio (D:4)
  Menkaure (D:7)
  2 water moccasins
  A sky beast (D:5)
  A necrophage (D:4)
  An ogre (D:5)
  A centaur (D:7)
  2 phantoms (D:6)
  A bullfrog (D:7)
  A wyvern zombie (D:8)
  3 scorpions
  A water moccasin zombie (D:4)
  2 water moccasin skeletons
  8 wights
  A howler monkey (D:4)
  4 centaur zombies
  4 hounds
  A centaur skeleton (D:6)
  3 orc priests
  A jelly (D:7)
  A gnoll shaman (D:7)
  4 iguanas
  A scorpion zombie (D:4)
  5 orc wizards
  2 killer bee zombies
  4 hound zombies (D:4)
  3 hound skeletons (D:4)
  Robin (D:4)
  7 adders
  4 gnolls (D:7)
  A shadow imp (D:7)
  An ufetubus (D:5)
  3 adder skeletons
  2 adder zombies (D:4)
  3 worms
  3 dart slugs
  35 orcs
  3 ball pythons
  11 bats
  3 endoplasms (D:2)
  4 giant cockroaches
  15 goblins
  7 hobgoblins
  4 jackals (D:1)
  A quokka (D:4)
  3 frilled lizards
  6 kobolds
  A quokka zombie (D:4)
  3 rats
182 creatures vanquished.

Vanquished Creatures (others)
  5 withered plants (D:4)
5 creatures vanquished.

Grand Total: 187 creatures vanquished

Table legend:
 A = Non-vault XP
 B = Vault XP
 C = Vault XP percentage of total XP
 D = Non-vault monster count
 E = Vault monster count
 F = Vault count percentage of total count
                 A         B        C        D         E       F
            +---------+---------+-------+---------+---------+-------
      Total |    3822 |    1019 |  21.0 |     148 |      34 |  18.7
            +---------+---------+-------+---------+---------+-------
        D:1 |      36 |       0 |   0.0 |      20 |       0 |   0.0
        D:2 |      51 |      20 |  28.2 |      13 |       4 |  23.5
        D:3 |      48 |       0 |   0.0 |      18 |       0 |   0.0
        D:4 |     398 |     548 |  57.9 |      23 |      28 |  54.9
        D:5 |    1546 |       0 |   0.0 |      25 |       0 |   0.0
        D:6 |     995 |       0 |   0.0 |      17 |       0 |   0.0
        D:7 |     490 |     451 |  47.9 |      21 |       2 |   8.7
        D:8 |     258 |       0 |   0.0 |      11 |       0 |   0.0
            +---------+---------+-------+---------+---------+-------

Illustrated notes

Table legend:
 A = Kills in this place as a percentage of kills in entire the game.
 B = Kills by you in this place as a percentage of kills by you in the entire game.
 C = Kills by friends in this place as a percentage of kills by friends in the entire game.
 D = Other kills in this place as a percentage of other kills in the entire game.
 E = Experience gained in this place as a percentage of experience gained in the entire game.
 F = Experience gained in this place divided by the number of levels of this place that you have seen.
                   A       B       C       D       E      F
               +-------+-------+-------+-------+-------+----------------------
         Total | 100.0 | 100.0 |   N/A |   N/A | 100.0 | 537.9
       Dungeon | 100.0 | 100.0 |   N/A |   N/A | 100.0 | 605.1
               +-------+-------+-------+-------+-------+----------------------

Table legend: (Time is in decaauts)
 A = Elapsed time spent in this place.
 B = Non-inter-level travel time spent in this place.
 C = Inter-level travel time spent in this place.
 D = Time resting spent in this place.
 E = Time spent auto-exploring this place.
 F = Levels seen in this place.
 G = Mean time per level.
                   A        B        C        D        E       F      G
               +--------+--------+--------+--------+--------+-----+--------+
         Total |   7292 |   7104 |    188 |    483 |   4832 |   9 |  810.2 |
       Dungeon |   7157 |   6987 |    170 |    483 |   4732 |   8 |  894.6 |
        Temple |    135 |    117 |     18 |      0 |    100 |   1 |  135.0 |
               +--------+--------+--------+--------+--------+-----+--------+

Top non-repeatable levels by time:
     D:7: 1321 daAuts
     D:4: 1187 daAuts
     D:5: 1155 daAuts
     D:2: 1082 daAuts
     D:3: 834 daAuts
     D:6: 706 daAuts
     D:1: 544 daAuts
     D:8: 324 daAuts
  Temple: 135 daAuts
